 Dungeon Crawl Stone Soup version 0.22-a0-407-gb098539 (webtiles) character file.

1738 inmateoo the Gouger (level 8, -11/40 HPs)
             Began as a Felid Wanderer on May 9, 2018.
             Was a Believer of Trog.
             Mangled by a bone dragon (14 damage)
             ... on level 2 of the Abyss.
             The game lasted 00:10:11 (5452 turns).

inmateoo the Gouger (Felid Wanderer)                Turns: 5452, Time: 00:10:11

Health: -11/40     AC:  2    Str:  7    XL:     8   Next: 77%
Magic:  9/9        EV: 23    Int: 13    God:    Trog [**....]
Gold:   187        SH:  0    Dex: 19    Spells: 7/7 levels left
                                        Lives:  0   Deaths: 2

rFire    . . .     SeeInvis +     - Unarmed
rCold    . . .     Gourm    .   (shield unavailable)
rNeg     . . .     Faith    .   (armour unavailable)
rPois    .         Spirit   .   (helmet unavailable)
rElec    .         Reflect  .   (cloak unavailable)
rCorr    .         Harm     .   (gloves unavailable)
MR       +....                  (boots unavailable)
Stlth    ++........             (no amulet)
HPRegen  0.00/turn              (no ring)
MPRegen  0.11/turn              (no ring)

@: confused, non-regenerating, diseased, quick
A: very small, no armour, no weapons or thrown items, stealth, claws 1, fangs 3,
see invisible, carnivore, speed 1, shaggy fur 2, slow metabolism 1, sharp paws
a: Berserk, Trog's Hand, Renounce Religion


You were on level 2 of the Abyss.
You worshipped Trog.
Trog was pleased with you.
You were not hungry.

You visited 1 branch of the dungeon, and saw 5 of its levels.
You visited the Abyss 1 time.

You collected 187 gold pieces.

Inventory:

Wands
 a - a wand of acid (7)
 m - a wand of digging (13)
Scrolls
 e - a scroll of blinking
 f - 6 scrolls of remove curse
 h - 4 scrolls of magic mapping
Potions
 c - a potion of berserk rage
 i - a potion of mutation
 j - a potion of curing
Miscellaneous
 p - a sack of spiders
Comestibles
 d - 8 rations


   Skills:
 + Level 7.9 Fighting
 * Level 6.9 Dodging
 - Level 6.0 Stealth
 - Level 8.1 Unarmed Combat
   Level 2.6 Conjurations
   Level 3.0 Hexes


You had 7 spell levels left.
You didn't know any spells.

Dungeon Overview and Level Annotations

Branches:
Dungeon (5/15)             Temple (0/1) D:5

Altars:
Hepliaklqana
Okawaru
Ru
Trog
Vehumet

Annotations:
D:3 KristoblXynda's ghost, amateur TrWz
D:5 Edmund


Innate Abilities, Weirdness & Mutations

You cannot wear armour.
You are incapable of wielding weapons or throwing items.
Your paws allow you to move quietly. (Stealth)
You have sharp claws.
You have razor-sharp teeth.
You have supernaturally acute eyesight. (SInv)
You are carnivorous and can eat meat at any time.
You cover ground quickly.
You are covered in thick fur. (AC +2)
You have a slow metabolism.
Your sharp claws are effective at attacking unaware monsters.


Message History

* * * LOW HITPOINT WARNING * * *
2 golden eyes come into view.
The golden eye moves out of view.
Found a scroll labeled YTAUKACLAS.
There is an open door here.
The starcursed mass shrieks in your mind.
* * * LOW HITPOINT WARNING * * *
Found a potion of curing.
A small abomination comes into view.
The golden eye turns its gaze towards you. x2
You scratch the golden eye.
The golden eye is heavily wounded.
The golden eye blinks at you.
You are confused.
You scratch the golden eye.
You kill the golden eye!
Trog accepts your kill.
You're too confused to move!
The bone dragon barely misses you. The bone dragon claws you!
You die...

#... ..#.#
#.....X..#
..x....L#
#........#
#........#
######'###...
##... .....
########D##.##....
....G..@..#X ..
.#!..?....#..
#........##.
#.#.x....# .#
#.....#..# .#
#........#
#........# #####.
...


You could see a bone dragon, a lich, a small abomination and a golden eye.

Vanquished Creatures
  An ugly thing (Abyss:2)
  An orange demon (Abyss:2)
  3 large abominations (Abyss:2)
  Grinder (D:4)
  A golden eye (Abyss:2)
  An ice beast (D:2)
  3 scorpions (D:4)
  A small abomination (Abyss:2)
  A crimson imp (D:5)
  Crazy Yiuf (D:4)
  5 orc priests
  Jessica (D:2)
  3 orc wizards (D:4)
  2 worker ants (D:4)
  3 gnolls (D:4)
  6 adders
  A shadow imp (D:5)
  An ufetubus (Abyss:2)
  A worm (D:4)
  2 dart slugs (D:3)
  2 leopard geckos (D:3)
  16 orcs
  A giant cockroach (D:1)
  5 goblins
  2 hobgoblins (D:3)
  8 jackals (D:4)
  A quokka (D:2)
  10 bats
  6 frilled lizards
  3 kobolds
  8 rats
101 creatures vanquished.

Notes
Turn   | Place    | Note
-------+----------+-------------------------------------------
     0 | D:1      | inmateoo the Felid Wanderer began the quest for the Orb.
     0 | D:1      | inmateoo set off with: a potion of curing, a ration
     0 | D:1      | Reached XP level 1. HP: 7/7 MP: 2/2
   244 | D:1      | Reached XP level 2. HP: 12/12 MP: 3/3
   928 | D:2      | Reached skill level 1 in Fighting
  1272 | D:2      | Noticed an ice beast
  1291 | D:2      | Killed an ice beast
  1291 | D:2      | Reached skill level 4 in Unarmed Combat
  1291 | D:2      | Reached XP level 3. HP: 16/16 MP: 4/4
  1291 | D:2      | Reached XP level 4. HP: 19/19 MP: 5/5
  1807 | D:2      | Found a sacrificial altar of Ru.
  1858 | D:2      | Noticed Jessica
  1865 | D:2      | Killed Jessica
  1865 | D:2      | Reached XP level 5. HP: 22/22 MP: 6/6
  1974 | D:3      | Found a faded altar of an unknown god.
  2006 | D:3      | Became a worshipper of Trog the Wrathful
  2006 | D:3      | Reached * piety under Trog
  2028 | D:3      | Noticed KristoblXynda's ghost (amateur TrWz)
  2567 | D:3      | Reached skill level 5 in Unarmed Combat
  2902 | D:4      | Reached skill level 5 in Stealth
  2902 | D:4      | Gained mutation: You are covered in thick fur. (AC +2) [Felid growth]
  2902 | D:4      | Reached XP level 6. HP: 26/27 MP: 7/7
  3032 | D:5      | Entered Level 5 of the Dungeon
  3173 | D:4      | Found a hazy altar of Hepliaklqana.
  3196 | D:4      | Reached ** piety under Trog
  3729 | D:4      | Reached skill level 6 in Unarmed Combat
  3729 | D:4      | Reached XP level 7. HP: 9/31 MP: 8/8
  4047 | D:4      | Noticed Grinder
  4059 | D:4      | Paralysed by Grinder for 6 turns
  4061 | D:4      | Slain by Grinder
  4062 | D:4      | Reached XP level 6. HP: -1/42 MP: 7/7
  4105 | D:4      | Paralysed by Grinder for 7 turns
  4119 | D:4      | Killed Grinder
  4119 | D:4      | Reached skill level 7 in Unarmed Combat
  4119 | D:4      | Reached XP level 7. HP: 5/32 MP: 8/8
  4237 | D:4      | Found a runed door.
  4472 | D:4      | Noticed Crazy Yiuf
  4476 | D:4      | Killed Crazy Yiuf
  4628 | D:5      | Found an iron altar of Okawaru.
  4629 | D:5      | Found a radiant altar of Vehumet.
  4660 | D:5      | Found a staircase to the Ecumenical Temple.
  4725 | D:5      | Noticed Edmund
  4734 | D:5      | Cast into level 2 of the Abyss (Edmund)
  4748 | Abyss:2  | Noticed a large abomination
  4751 | Abyss:2  | Noticed a brown ugly thing
  4758 | Abyss:2  | Noticed a brown very ugly thing
  4759 | Abyss:2  | Noticed a brown very ugly thing
  4760 | Abyss:2  | Noticed a brown very ugly thing
  4764 | Abyss:2  | Killed a large abomination
  4764 | Abyss:2  | Reached skill level 5 in Fighting
  4764 | Abyss:2  | Reached skill level 8 in Unarmed Combat
  4768 | Abyss:2  | Killed a brown ugly thing
  4768 | Abyss:2  | Reached XP level 8. HP: 5/39 MP: 9/9
  4770 | Abyss:2  | HP: 4/87 [brown very ugly thing (1)]
  4770 | Abyss:2  | Splashed by a brown very ugly thing's acid
  4771 | Abyss:2  | Reached XP level 7. HP: -4/78 MP: 8/8
  4858 | Abyss:2  | Noticed a neqoxec
  4858 | Abyss:2  | Noticed a deep elf sorcerer
  4936 | Abyss:2  | Noticed a hell knight
  4937 | Abyss:2  | Noticed a water nymph
  4937 | Abyss:2  | Noticed a snapping turtle
  4937 | Abyss:2  | a water nymph changed into a snapping turtle
  4959 | Abyss:2  | Found a corrupted altar of Lugonu.
  4973 | Abyss:2  | Noticed a large abomination
  4997 | Abyss:2  | Noticed a ynoxinul
  4999 | Abyss:2  | Noticed a ynoxinul
  5002 | Abyss:2  | Noticed a chaos spawn
  5024 | Abyss:2  | Noticed a large abomination
  5050 | Abyss:2  | Noticed a large abomination
  5063 | Abyss:2  | Killed a large abomination
  5111 | Abyss:2  | Noticed a shadow
  5115 | Abyss:2  | Noticed a wretched star
  5140 | Abyss:2  | Found a corrupted altar of Lugonu.
  5176 | Abyss:2  | Noticed a large abomination
  5191 | Abyss:2  | Killed a large abomination
  5191 | Abyss:2  | Reached skill level 5 in Dodging
  5191 | Abyss:2  | Reached XP level 8. HP: 11/40 MP: 9/9
  5266 | Abyss:2  | Noticed an orange demon
  5275 | Abyss:2  | Killed an orange demon
  5353 | Abyss:2  | Noticed a smoke demon
  5387 | Abyss:2  | Noticed a lich
  5396 | Abyss:2  | Noticed a starcursed mass
  5398 | Abyss:2  | Noticed a large abomination
  5404 | Abyss:2  | Noticed a large abomination
  5410 | Abyss:2  | Noticed an Ice Fiend
  5431 | Abyss:2  | Noticed a bone dragon
  5432 | Abyss:2  | Noticed an ancient zyme
  5435 | Abyss:2  | Noticed a blink frog
  5436 | Abyss:2  | Noticed a blink frog
  5436 | Abyss:2  | Noticed a blink frog
  5436 | Abyss:2  | Noticed a blink frog
  5452 | Abyss:2  | Mangled by a bone dragon

Vault maps used:
D:1:      minmay_arrival_four_houses, hangedman_decor_slide_cut
D:2:      lemuel_doored_altar, uniq_jessica
D:3:      chequers_ecumenical_altar_simple_redux
D:4:      cheibrodos_old_hovel, overflow_temple_1_default, first_ration,
          uniq_crazy_yiuf_cottage, uniq_grinder
D:5:      dancing_weapons_uskayaw, chequers_temple_overflow_statue_of_worship,
          minmay_temple_entry_glass, serial_shops, nicolae_shop_crystal,
          uniq_edmund
Abyss:2:  small_statue_intersection, small_statue_intersection,
          kilobyte_mutagenic_chamber

Skill      XL: |  1  2  3  4  5  6  7  8 |
---------------+-------------------------+-----
Stealth        | 3 4 5 6 |  6.0
Fighting       | 1 2 4 7 |  7.9
Unarmed Combat | 4 5 7 8 |  8.1
Dodging        | 5 6 |  6.9
Conjurations   | |  2.6
Hexes          | |  3.0

Action                   |  1- 3 |  4- 6 |  7- 9 || total
-------------------------+-------+-------+-------++-------
Melee: Unarmed           |    51 |   160 |    94 ||   305
       Bite              |     3 |    17 |     9 ||    29
       Punch             |       |     4 |     2 ||     6
Invok: Berserk           |       |     7 |     7 ||    14
       Trog's Hand       |       |     2 |     1 ||     3
Evoke: Phantom mirror    |       |       |     1 ||     1
  Use: Potion            |     4 |       |     8 ||    12
       Scroll            |       |       |    12 ||    12
 Stab: Sleeping          |     5 |     9 |     5 ||    19
  Eat: Chunk             |     4 |    13 |    11 ||    28
       Ration            |       |       |     1 ||     1
Armor: Skin              |    12 |     9 |    21 ||    42
Dodge: Dodged            |    32 |   105 |    38 ||   175

Table legend:
 A = Spawn XP
 B = Non-spawn XP
 C = Spawn XP percentage of total XP
 D = Spawn monster count
 E = Non-spawn monster count
 F = Spawn count percentage of total count
 G = Total turns spent on level
                    A         B        C        D         E        F      G
               +---------+---------+-------+---------+---------+-------+---------
         Total |    2342 |    1458 |  61.6 |       7 |      94 |   6.9 |  5452
               +---------+---------+-------+---------+---------+-------+---------
           D:1 |       0 |      17 |   0.0 |       0 |      13 |   0.0 |   692
           D:2 |       0 |     208 |   0.0 |       0 |      16 |   0.0 |  1494
           D:3 |       0 |      90 |   0.0 |       0 |      18 |   0.0 |   682
           D:4 |       0 |     961 |   0.0 |       0 |      38 |   0.0 |  1557
           D:5 |       0 |     112 |   0.0 |       0 |       8 |   0.0 |   309
       Abyss:2 |    2342 |      70 |  97.1 |       7 |       1 |  87.5 |   718
               +---------+---------+-------+---------+---------+-------+---------
